 Dungeon Crawl Stone Soup version 0.30.0-19-g36f170ea60 (webtiles) character file.

Game seed: 4301864478641652092

135 Revguard the Ruffian (level 4, -3/45 HPs)
             Began as a Troll Monk on June 1, 2023.
             Slain by dertzug's ghost (11 damage)
             ... on level 3 of the Dungeon.
             The game lasted 00:07:30 (2044 turns).

Revguard the Ruffian (Troll Monk)                   Turns: 2044, Time: 00:07:31

Health: -3/45      AC:  5    Str: 19    XL:     4   Next: 97%
Magic:  3/3        EV: 10    Int:  4    God:
Gold:   133        SH:  0    Dex: 14    Spells: 3/3 levels left

rFire   + .          .
                       - Unarmed
rCold   . . .        c - orb {light}
rNeg    . . .        a - +1 robe
rPois   .            (helmet restricted)
rElec   .            (no cloak)
rCorr   .            (gloves unavailable)
SInv    .            (boots unavailable)
Will    .....        (no amulet)
Stlth   +            (no ring)
HPRegen 1.07/turn    (no ring)
MPRegen 0.08/turn

%: clarity
@: confused, ambrosia-drunk, glowing
A: large, unfitting armour, claws 3, regeneration 1, shaggy fur 1, tough skin 1,
clarity, dopey 1, fire resistance 1
a: no special abilities


You were on level 3 of the Dungeon.
You visited 1 branch of the dungeon, and saw 3 of its levels.

You collected 133 gold pieces.

Inventory:

Armour
 a - a +1 robe (worn)
 c - an orb of light (worn)
Scrolls
 d - a scroll of poison {unknown}
 e - 2 scrolls of amnesia
 h - a scroll of identify
Potions
 f - a potion of lignification {unknown}
 g - 2 potions of flight
 i - a potion of brilliance {unknown}
 k - a potion of heal wounds {unknown}
 m - a potion of mutation
 n - a potion of curing {unknown}
 o - 3 potions of degeneration {unknown}


   Skills:
 * Level 3.2 Fighting
 + Level 1.1 Armour
 + Level 2.8 Dodging
 + Level 3.5 Unarmed Combat
 + Level 0.2 Spellcasting
 + Level 0.6 Earth Magic
 + Level 1.0 Evocations


You had 3 spell levels left.
You didn't know any spells.
Your spell library was empty.

Dungeon Overview and Level Annotations

Branches:
Dungeon (3/15)

Altars:
Ashenzari
Vehumet

Annotations:
D:3 dertzug's ghost, amateur MiGl


Innate Abilities, Weirdness & Mutations

You are too large for most types of armour.
You have claws for hands.
Your natural rate of healing is unusually fast.
You are covered in fur. (AC +1)
You have tough skin. (AC +1)
You possess an exceptional clarity of mind.
You are dopey. (Int -2)
Your flesh is heat resistant. (rF+)


Message History

You kill the orc!
Dertzug's ghost hits you!
Items here: )) [[ †.
You scratch dertzug's ghost but do no damage.
Dertzug's ghost hits you.
You scratch dertzug's ghost but do no damage.
Dertzug's ghost hits you!
You scratch dertzug's ghost but do no damage.
Dertzug's ghost hits you.
You claw dertzug's ghost!
Dertzug's ghost is lightly damaged.
Dertzug's ghost closely misses you.
You scratch dertzug's ghost.
Dertzug's ghost is moderately damaged.
Dertzug's ghost hits you but does no damage.
You scratch dertzug's ghost but do no damage.
Dertzug's ghost is moderately damaged.
Dertzug's ghost barely misses you.
You barely miss dertzug's ghost.
Dertzug's ghost is moderately damaged.
Dertzug's ghost hits you!
You scratch dertzug's ghost but do no damage.
Dertzug's ghost is moderately damaged.
You scratch dertzug's ghost.
Dertzug's ghost is heavily damaged.
Dertzug's ghost misses you.
You claw dertzug's ghost!
Dertzug's ghost is severely damaged.
Dertzug's ghost hits you!
* * * LOW HITPOINT WARNING * * *
You scratch dertzug's ghost but do no damage.
Dertzug's ghost is severely damaged.
Dertzug's ghost hits you!
* * * LOW HITPOINT WARNING * * *
You are confused.
You feel invigorated. Dertzug's ghost hits you.
* * * LOW HITPOINT WARNING * * *
You're too confused to attack without stumbling around!
You bump into the rock wall.
Dertzug's ghost hits you!
You die...

######## .......# #..#...
######.######## #..#.$##.
..............# #..#..#8
.#####.######.# #..#..##..
.......# #.# #..#.#....
.####..# #.# ##..'.#o..[ .#
#..# ##.####oo.'.#o8._ .#
#..# #....@Woo.'.#...
.####..#####..#####.(#.#...
...##................#..##.
.#.##...####..####...#..#8.
.......(# #......#..#..##..
.#.#..#.# #...###..(#.....8
......#.# #...# #..8######
........####...# #.#.#
#..............# #.##.#


You could see dertzug's ghost and 4 orcs.

Vanquished Creatures
  2 orc priests (D:3)
  An adder (D:2)
  2 worms (D:2)
  2 dart slugs
  5 orcs (D:3)
  2 ball pythons
  6 bats
  6 endoplasms
  4 giant cockroaches
  4 goblins
  6 hobgoblins
  2 jackals (D:2)
  A quokka (D:1)
  2 frilled lizards
  4 kobolds
  2 rats (D:2)
51 creatures vanquished.

Notes
Turn   | Place    | Note
-------+----------+-------------------------------------------
     0 | D:1      | Revguard the Troll Monk began the quest for the Orb.
     0 | D:1      | Reached XP level 1. HP: 22/22 MP: 0/0
   431 | D:1      | Reached XP level 2. HP: 27/29 MP: 1/1
   816 | D:1      | Gained mutation: You possess an exceptional clarity of
                  | mind. [potion of mutation]
   816 | D:1      | Gained mutation: You are dopey. (Int -2) [potion of
                  | mutation]
   816 | D:1      | Gained mutation: Your flesh is heat resistant. (rF+)
                  | [potion of mutation]
   827 | D:2      | Found a broken altar of Ashenzari.
   867 | D:2      | Reached XP level 3. HP: 26/36 MP: 2/2
  1523 | D:3      | Reached XP level 4. HP: 44/45 MP: 3/3
  1531 | D:3      | Identified the +0 scale mail of Forking Paths {Str+3}
  1537 | D:3      | Reached skill level 1 in Armour
  1559 | D:3      | Reached skill level 1 in Evocations
  1709 | D:3      | Found a radiant altar of Vehumet.
  2013 | D:3      | Found a runed translucent gate.
  2013 | D:3      | Noticed dertzug's ghost (amateur MiGl)
  2014 | D:3      | Found a runed translucent gate.
  2015 | D:3      | Found a runed translucent gate.
  2017 | D:3      | Identified the +4 dagger of Tumni {freeze, Str+2}
  2042 | D:3      | HP: 1/45 [dertzug's ghost (11)]
  2044 | D:3      | Slain by dertzug's ghost

Illustrated notes

Levels and vault maps discovered:
D:1:      tarquinn_simple_flora_water_c, layout_loops_corners
D:2:      layout_loops_ring, basic_altar
D:3:      layout_loops_ring, mainiacjoe_overflow_brackets,
          biasface_ghost_orc_armoury, nrook_uturn

Skill      XL: |  1  2  3  4 |
---------------+-------------+-----
Fighting       | 3 |  3.2
Armour         | 1 |  1.1
Evocations     | 1 |  1.0
Dodging        | |  2.8
Unarmed Combat | |  3.5
Spellcasting   | |  0.2
Earth Magic    | |  0.6

Action                     |  1- 3 |  4- 6 || total
---------------------------+-------+-------++-------
  Melee: Unarmed           |    76 |    50 ||   126
    Use: Scroll            |     8 |       ||     8
         Potion            |     1 |     1 ||     2
 Armour: Robe              |    13 |    21 ||    34
  Dodge: Dodged            |    45 |    26 ||    71
